 Dungeon Crawl Stone Soup version 0.22-a0-379-ga9d99d6 (webtiles) character file.

63 sankara the Digger (level 3, -6/31 HPs)
             Began as a Troll Earth Elementalist on Apr 28, 2018.
             Mangled by an orc priest
             ... wielding a +0 war axe
              (11 damage)
             ... on level 3 of the Dungeon.
             The game lasted 00:06:55 (1907 turns).

sankara the Digger (Troll Earth Elementalist)       Turns: 1907, Time: 00:06:56

Health: -6/31      AC:  5    Str: 16    XL:     3   Next: 87%
Magic:  0/4        EV: 10    Int: 12    God:
Gold:   131        SH:  0    Dex: 10    Spells: 1/5 levels left

rFire    . . .     SeeInvis .   (no weapon)
rCold    . . .     Gourm    +   (no shield)
rNeg     . . .     Faith    .   c - +0 robe
rPois    .         Spirit   .   (helmet restricted)
rElec    .         Reflect  .   (no cloak)
rCorr    .         Harm     .   (gloves unavailable)
MR       .....                  (boots unavailable)
Stlth    +.........             f - amulet of the acrobat
HPRegen  0.50/turn              (no ring)
MPRegen  0.09/turn              (no ring)

@: no status effects
A: large, unfitting armour, claws 3, fast metabolism 3, gourmand, regeneration
1, shaggy fur 1, tough skin 2
a: no special abilities


You were on level 3 of the Dungeon.
You were very full.

You visited 1 branch of the dungeon, and saw 3 of its levels.

You collected 131 gold pieces.

Inventory:

Hand Weapons
 h - a cursed +0 hunting sling
   (You found it on level 1 of the Dungeon)
 p - a +0 club
   (You took it off a hobgoblin on level 2 of the Dungeon)
 q - a +0 club
   (You took it off an orc on level 2 of the Dungeon)
 s - a +0 club
   (You took it off a goblin on level 2 of the Dungeon)
 v - a +0 dagger
   (You found it on level 2 of the Dungeon)
 w - a +0 short sword
   (You took it off a goblin on level 2 of the Dungeon)
 y - a +0 hunting sling
   (You found it on level 2 of the Dungeon)
Missiles
 a - 9 large rocks {!d}
 b - 72 stones (quivered)
Armour
 c - a +0 robe (worn)
Jewellery
 e - an uncursed amulet of faith {unknown}
   (You found it on level 1 of the Dungeon)
 f - an amulet of the acrobat (around neck)
   (You found it on level 1 of the Dungeon)
 l - an uncursed amulet of magic regeneration {unknown}
   (You found it on level 1 of the Dungeon)
Scrolls
 i - 3 scrolls of identify {unknown}
 n - 2 scrolls of remove curse {unknown}
 r - a scroll of teleportation {unknown}
 t - a scroll of enchant weapon {unknown}
 u - a scroll of fear {unknown}
Potions
 g - 2 potions of berserk rage {unknown}
 j - 2 potions of heal wounds {unknown}
 k - a potion of mutation {unknown}
 m - a potion of curing {unknown}
 o - a potion of cancellation {unknown}
Comestibles
 d - 2 rations
 x - a chunk of flesh {@w0}


   Skills:
 + Level 0.7 Throwing
 - Level 1.7 Dodging
 - Level 1.1 Stealth
 + Level 1.9 Spellcasting
   Level 0.6 Transmutations
 + Level 3.4 Earth Magic


You had one spell level left.
You knew the following spells:

 Your Spells              Type           Power        Failure   Level  Hunger
a - Sandblast             Erth           #.....       7%          1    ##.....
b - Stone Arrow           Conj/Erth      #.....       38%         3    ####...


Dungeon Overview and Level Annotations

Branches:
Dungeon (3/15)

Altars:
Elyvilon


Innate Abilities, Weirdness & Mutations

You are too large for most types of armour.
You have claws for hands.
Your metabolism is lightning-fast.
You like to eat raw meat.
Your natural rate of healing is unusually fast.
You are covered in fur. (AC +1)
You have very tough skin. (AC +2)


Message History

b - 77 stones A goblin comes into view. It is wielding a club.
Casting: Sandblast (safe; 7% risk of failure)
Confirm with . or Enter, or press ? or * to list all spells.
You don't have enough magic to cast that spell.
The goblin moves out of view.
The leopard gecko bites you. The leopard gecko barely misses you.
You climb upwards.
There is a stone staircase leading down here.
You closely miss the leopard gecko. The leopard gecko bites you.
You scratch the leopard gecko.
You kill the leopard gecko!
You see here a leopard gecko corpse.
You butcher the leopard gecko corpse.
x - 2 chunks of flesh {@w0}
There is a stone staircase leading down here.
You start resting.
Eating one of 2 chunks of flesh {@w0}.
You eat one of the 2 chunks of flesh {@w0}.
This raw flesh tastes great.
Your magical contamination has completely faded away.
You start resting.
Magic restored.
You climb downwards.
The kobold hits you with a short sword of flaming.
The kobold burns you.
There is a stone staircase leading up here.
Casting: Sandblast (safe; 7% risk of failure)
Confirm with . or Enter, or press ? or * to list all spells.
Aiming: Sandblast (safe; 7% risk of failure)
Press: ? - help, Shift-Dir - straight line, f - kobold
Aim: a kobold, wielding a short sword of flaming The blast of sand hits the kobold.
You kill the kobold!
b - 76 stones You start resting.
HP restored.
Magic restored.
You see here a short sword of flaming.
A rat comes into view. 2 orcs and an orc priest come into view.
You found a teleport trap!
The goblin shouts!
The orc moves out of view.
The teleport trap disappears.
The rat disappears!
An orc priest comes into view. It is wielding a short sword.
Found an escape hatch in the floor.
Found an escape hatch in the ceiling.
Casting: Sandblast (safe; 7% risk of failure)
Confirm with . or Enter, or press ? or * to list all spells.
Aiming: Sandblast (safe; 7% risk of failure)
Press: ? - help, Shift-Dir - straight line, f - orc priest
Aim: an orc priest, wielding a short sword and wearing a leather armour (hasn't noticed you) Out of range.
Okay, then.
Casting: Sandblast (safe; 7% risk of failure)
Confirm with . or Enter, or press ? or * to list all spells.
Aiming: Sandblast (safe; 7% risk of failure)
Press: ? - help, Shift-Dir - straight line, f - goblin
Aim: a goblin, wielding a club The blast of sand misses the goblin.
b - 75 stones The orc priest shouts!
Casting: Sandblast (safe; 7% risk of failure)
Confirm with . or Enter, or press ? or * to list all spells.
Aiming: Sandblast (safe; 7% risk of failure)
Press: ? - help, Shift-Dir - straight line, f - orc priest, p - goblin
Aim: an orc priest, wielding a short sword and wearing a leather armour The blast of sand hits the goblin.
You kill the goblin!
b - 74 stones The orc throws a tomahawk.
The tomahawk closely misses you.
The orc priest calls down the wrath of Beogh upon you.
You barely resist.
Casting: Sandblast (safe; 7% risk of failure)
Confirm with . or Enter, or press ? or * to list all spells.
Aiming: Sandblast (safe; 7% risk of failure)
Press: ? - help, Shift-Dir - straight line, f/p - orc priest
Aim: an orc priest, wielding a short sword and wearing a leather armour The blast of sand misses the orc priest.
b - 73 stones The orc throws a tomahawk.
The tomahawk hits you but does no damage.
The orc priest invokes the aid of Beogh against you.
Beogh smites you!
You barely miss the orc priest.
The orc throws a tomahawk.
The tomahawk hits you.
The orc priest hits you but does no damage.
You scratch the orc priest but do no damage.
The orc throws a tomahawk.
The tomahawk barely misses you.
The orc priest calls down the wrath of Beogh upon you.
Pain shoots through your body!
* * * LOW HITPOINT WARNING * * *
Casting: Sandblast (safe; 7% risk of failure)
Confirm with . or Enter, or press ? or * to list all spells.
Aiming: Sandblast (safe; 7% risk of failure)
Press: ? - help, Shift-Dir - straight line, f/p - orc priest
Aim: an orc priest, wielding a short sword and wearing a leather armour The blast of sand hits the orc priest.
The orc priest is heavily wounded.
b - 72 stones The orc priest hits you with a war axe!
You die...

#........ #........
#......>. #........
#........ #..o.....
#oo.....<
######@o......
#......#####.#
#########......#
##..............###
#....[.....(........
#...........########
#...........#
#...........#
..#'#.)<#.###


You could see 2 orc priests and 2 orcs.

Vanquished Creatures
  An adder (D:2)
  2 worms (D:2)
  4 leopard geckos
  An orc (D:2)
  8 bats
  A giant cockroach (D:3)
  6 goblins
  6 hobgoblins
  3 kobolds
  A ball python (D:2)
  3 frilled lizards
  6 rats
42 creatures vanquished.

Notes
Turn   | Place    | Note
-------+----------+-------------------------------------------
     0 | D:1      | sankara the Troll Earth Elementalist began the quest for the Orb.
     0 | D:1      | Reached XP level 1. HP: 16/16 MP: 1/1
   197 | D:1      | Reached XP level 2. HP: 24/24 MP: 3/3
   339 | D:1      | Reached skill level 3 in Earth Magic
   772 | D:2      | Reached XP level 3. HP: 23/31 MP: 1/4
   805 | D:2      | Learned a level 3 spell: Stone Arrow
  1409 | D:2      | Found a white marble altar of Elyvilon.
  1906 | D:3      | HP: 4/31 [orc priest/nerve-wracking pain (10)]
  1907 | D:3      | Mangled by an orc priest

Vault maps used:
D:1:      minmay_arrival_open_corners
D:2:      elyvilon_altar_1, minmay_split_cup_small

Skill      XL: |  1  2 |
---------------+-------+-----
Earth Magic    | 3 |  3.4
Throwing       | |  0.7
Dodging        | |  1.7
Stealth        | |  1.1
Spellcasting   | |  1.9
Transmutations | |  0.6

Action                   || total
-------------------------++-------
Melee: Unarmed           ||   127
 Cast: Sandblast         ||    18
 Stab: Sleeping          ||     1
  Eat: Chunk             ||    23
Armor: Robe              ||    48
Dodge: Dodged            ||    92

Table legend:
 A = Spawn XP
 B = Non-spawn XP
 C = Spawn XP percentage of total XP
 D = Spawn monster count
 E = Non-spawn monster count
 F = Spawn count percentage of total count
 G = Total turns spent on level
                    A         B        C        D         E        F      G
               +---------+---------+-------+---------+---------+-------+---------
         Total |       0 |      90 |   0.0 |       0 |      42 |   0.0 |  1907
               +---------+---------+-------+---------+---------+-------+---------
           D:1 |       0 |      25 |   0.0 |       0 |      14 |   0.0 |   650
           D:2 |       0 |      60 |   0.0 |       0 |      25 |   0.0 |  1223
           D:3 |       0 |       5 |   0.0 |       0 |       3 |   0.0 |    34
               +---------+---------+-------+---------+---------+-------+---------

Vault maps used:
D:1:      minmay_arrival_open_corners
D:2:      elyvilon_altar_1, minmay_split_cup_small

Table legend:
 A = Turns spent in this place as a percentage of turns spent in the entire game.
 B = Non-inter-level travel turns spent in this place as a percentage of non-inter-level travel turns spent in the entire game.
 C = Inter-level travel turns spent in this place as a percentage of turns spent in this place.
 D = Turns resting spent in this place as a percentage of non-inter-level travel turns spent in this place.
 E = Turns spent auto-exploring this place as a percentage of non-inter-level travel turns spent in this place.
 F = Non-inter-level travel turns spent in this place divided by the number of levels of this place that you've seen.
                   A       B       C       D       E      F
               +-------+-------+-------+-------+-------+----------------------
         Total | 100.0 | 100.0 |   1.9 |   8.4 |  67.6 | 623.3
       Dungeon | 100.0 | 100.0 |   1.9 |   8.4 |  67.6 | 623.3
               +-------+-------+-------+-------+-------+----------------------

Table legend:
 A = Kills in this place as a percentage of kills in entire the game.
 B = Kills by you in this place as a percentage of kills by you in the entire game.
 C = Kills by friends in this place as a percentage of kills by friends in the entire game.
 D = Other kills in this place as a percentage of other kills in the entire game.
 E = Experience gained in this place as a percentage of experience gained in the entire game.
 F = Experience gained in this place divided by the number of levels of this place that you have seen.
                   A       B       C       D       E      F
               +-------+-------+-------+-------+-------+----------------------
         Total | 100.0 | 100.0 |   N/A |   N/A | 100.0 |  30.0
       Dungeon | 100.0 | 100.0 |   N/A |   N/A | 100.0 |  30.0
               +-------+-------+-------+-------+-------+----------------------
